 Dungeon Crawl Stone Soup version 0.13.0-19-g8e0b589 (webtiles) character file.

27954 HungrySpirit the Markscentaur (level 13, -31/106 HPs)
             Began as a Centaur Hunter on Oct 21, 2013.
             Was a High Priest of Okawaru.
             Killed from afar by Aizul (32 damage)
             ... with a poison arrow
             ... on Level 14 of the Dungeon on Oct 25, 2013.
             The game lasted 01:04:41 (18031 turns).

HungrySpirit the Markscentaur (Centaur Hunter)     Turns: 18031, Time: 01:04:41

HP -31/106       AC 14     Str 18      XL: 13   Next:  5%
MP  21/21        EV  9     Int  8 (10) God: Okawaru [*****.]
Gold 362         SH  0     Dex 14      Spells:  0 memorised, 12 levels left

Res.Fire  : + . .   See Invis. : .   m - +5,+2 longbow (velocity)
Res.Cold  : . . .   Warding    : .   x - +0 ring mail
Life Prot.: . . .   Conserve   : .   (no shield)
Res.Poison: .       Res.Corr.  : .   (no helmet)
Res.Elec. : .       Clarity    : .   E - +0 cloak
Sust.Abil.: . .     Spirit.Shd : .   q - +0 pair of gauntlets (curse)
Res.Mut.  : .       Stasis     : .   F - +0 centaur barding (curse)
Res.Rott. : .       Flight     : .   (no amulet)
Saprovore : . . .                    (no ring)
                                     J - ring of protection from fire

@: invisible, very poisoned, very slightly contaminated, very quick, somewhat
resistant to hostile enchantments, very unstealthy
A: hooves 3, deformed body, herbivore 1, speed 2, fast metabolism 1, tough skin
3, Str +2
a: Heroism, Finesse, Renounce Religion


You were on level 14 of the Dungeon.
You worshipped Okawaru.
Okawaru was extremely pleased with you.
You were not hungry.

You visited 3 branches of the dungeon, and saw 17 of its levels.

You collected 914 gold pieces.
You spent 572 gold pieces at shops.

Inventory:

Hand weapons
 a - a +0,-1 short sword
 h - a +0,+2 elven longbow of frost
 m - a +5,+2 longbow of velocity (weapon)
 n - a +5,+0 longbow of flame
Missiles
 c - 50 arrows (quivered)
 i - 59 poisoned arrows
 p - 15 arrows of flame
Armour
 q - a cursed +0 pair of gauntlets (worn)
 x - a +0 ring mail (worn)
 E - a +0 cloak (worn)
 F - a cursed +0 centaur barding (worn)
Magical devices
 y - a wand of hasting (6)
 H - a wand of invisibility (1)
 I - a wand of digging (3)
Comestibles
 b - 2 chokos
 f - 4 bread rations
 g - 4 royal jellies
Scrolls
 k - 5 scrolls of remove curse
 o - 5 scrolls of identify
 s - 2 scrolls of enchant armour {unknown}
 B - 2 scrolls of noise
 D - a scroll of fear {unknown}
Jewellery
 C - an uncursed ring of sustain abilities
 J - a ring of protection from fire (left hand)
Potions
 d - 2 potions of resistance
 e - a potion of mutation {unknown}
 j - 2 potions of restore abilities
 l - 5 potions of agility
 r - 2 potions of porridge {unknown}
 u - a potion of invisibility {unknown}
 v - 6 potions of curing
 w - 2 potions of brilliance {unknown}
 z - a potion of speed {unknown}
 A - 2 potions of flight {unknown}
 K - a potion of poison {unknown}


   Skills:
 - Level 9.5 Fighting
 + Level 18.3 Bows
 * Level 6.6 Armour
 * Level 6.6 Dodging
 - Level 0.5 Stealth
 - Level 7.5 Invocations


You had 12 spell levels left.
You didn't know any spells.

Dungeon Overview and Level Annotations

Branches:
Dungeon (14/27)            Temple (0/1) D:7             Orc (2/4) D:9
   Lair (1/8) D:9

Altars:
Ashenzari
Kikubaaqudgha
Nemelex Xobeh
Okawaru
Sif Muna
Vehumet
Yredelemnul
Zin
the Shining One
Beogh

Shops:
D:6 ?   D:10 }   D:11 *

Annotations:
D:7 exclusion: statue
D:12 Impy's ghost, powerful DsNe
D:14 Aizul


Innate Abilities, Weirdness & Mutations

You have hooves in place of feet.
Armour fits poorly on your strangely shaped body.
You digest meat inefficiently.
You cover ground very quickly.
You have a fast metabolism.
You have extremely tough skin (AC +3).
Your muscles are strong. (Str +2)


Message History

You fall asleep.
Aizul hits you!
You wake up.
* * * LOW HITPOINT WARNING * * *
Drink which item? (? for menu, Esc to quit)
Okay, then.
Read which item? (? for menu, Esc to quit)
Okay, then.
Evoke which item? (* to show all) (? for menu, Esc to quit)
Zapping:
H - a wand of invisibility {zapped: 2}
Press: ? - help, Shift-Dir - straight line, f - you You fade into invisibility!
You are very lightly contaminated with residual magic.
Aizul coils himself and waves his upper body at you.
The poison arrow hits you!
You are poisoned.
* * * LOW HITPOINT WARNING * * *
Aizul casts a spell at you. The poison arrow hits you!
You are more poisoned.
You die...

### ##### #...#
#...#### #...
#......# ##...
##......# #...#
#.......# #.#.####
#.####.#####
#.#....#
#....#.....#
.....<.#
#@S..#.....#
.......#
#....#.....#
....########
#.####...###
...)#......#####.#
#...#
...)))...........#
##.#####
#.#.#......####..#
#......#
#.#.#...####
#..###....%.##
#.#.#...####
#...##.......#
#.#.####...#
#...##.......#


You could see Aizul.

Vanquished Creatures
  Kirke (D:14)
  Nessos (D:14)
  Erica (D:14)
  A deep troll earth mage (D:12)
  A centaur warrior (D:12)
  Erolcha (D:9)
  A deep troll (D:12)
  6 hill giants
  Pikel (D:9)
  An orc knight (D:12)
  3 unseen horrors
  A cyclops (D:11)
  A griffon (D:14)
  A queen ant (D:11)
  A fire drake (shapeshifter) (D:13)
  A yaktaur (D:14)
  Grinder (D:3)
  A wyvern (D:9)
  2 trolls
  10 slime creatures
  Prince Ribbit (D:4)
  A hydra skeleton (D:12)
  A trapdoor spider (D:13)
  2 hungry ghosts
  A vampire (D:14)
  A wraith (D:14)
  5 hogs (D:14)
  Eustachio (D:7)
  3 wolves (D:9)
  A hill giant zombie (D:8)
  Grum (D:9)
  2 hill giant skeletons
  2 necrophages
  2 hippogriffs
  Edmund (D:6)
  Menkaure (D:4)
  14 soldier ants
  5 ice beasts
  A black bear (D:8)
  4 sky beasts
  A slave (D:9)
  4 centaurs
  8 orc warriors
  7 ogres
  4 phantoms
  2 wargs (D:9)
  2 crocodiles
  3 big kobolds
  A gnoll sergeant (D:12)
  A brain worm (D:13)
  Blork the orc (D:4)
  2 agate snails (D:9)
  7 giant frogs
  A cyclops skeleton (D:9)
  A hippogriff zombie (D:11)
  A troll zombie (D:14)
  6 wights
  A yak skeleton (D:12)
  10 killer bees
  2 soldier ant zombies
  9 orc priests
  A goliath beetle (D:10)
  4 jellies
  10 crimson imps
  14 orc wizards
  5 iguanas
  7 hounds
  37 worker ants
  A giant frog skeleton (D:6)
  A scorpion (D:4)
  A big kobold zombie (D:10)
  An ogre skeleton (D:5)
  9 adders
  5 gnolls
  A giant mite (D:2)
  4 worms
  A scorpion zombie (D:6)
  A giant centipede zombie (D:12)
  An adder skeleton (D:4)
  7 giant geckos
  4 oozes (D:8)
  65 orcs
  5 giant cockroaches
  10 goblins
  10 hobgoblins
  27 kobolds
  2 quokkas
  11 bats
  4 giant newts
  10 jackals
  A kobold skeleton (D:8)
  A kobold zombie (D:5)
  An orc skeleton (D:6)
  3 orc zombies (D:12)
  17 rats
443 creatures vanquished.

Vanquished Creatures (others)
  3 slaves (D:9)
  A big kobold (D:11)
  An orc priest (D:9)
  3 orcs (D:9)
  2 plants
10 creatures vanquished.

Grand Total: 453 creatures vanquished

Notes
Turn   | Place    | Note
--------------------------------------------------------------
     0 | D:1      | HungrySpirit, the Centaur Hunter, began the quest for the Orb.
     0 | D:1      | Reached XP level 1. HP: 17/17 MP: 0/0
   192 | D:1      | Reached XP level 2. HP: 15/24 MP: 1/1
   197 | D:1      | Reached skill level 6 in Bows
   923 | D:2      | Reached XP level 3. HP: 29/29 MP: 2/2
  1134 | D:2      | Reached skill level 7 in Bows
  1410 | D:2      | Found a basalt altar of Yredelemnul.
  1543 | D:3      | Noticed Grinder
  1559 | D:3      | Paralysed by Grinder for 3 turns
  1564 | D:3      | HP: 1/29 [Grinder (6)]
  1567 | D:3      | Killed Grinder
  1567 | D:3      | Reached skill level 9 in Bows
  1567 | D:3      | Reached XP level 4. HP: 1/36 MP: 2/2
  1567 | D:3      | Reached XP level 5. HP: 1/41 MP: 3/3
  1567 | D:3      | Reached XP level 6. HP: 1/48 MP: 4/4
  2022 | D:3      | Reached skill level 10 in Bows
  2237 | D:3      | Found a shattered altar of Ashenzari.
  2322 | D:3      | Found an iron altar of Okawaru.
  2330 | D:3      | Became a worshipper of Warmaster Okawaru
  2420 | D:3      | Saw a vision of the Swamp and the Snake Pit.
  2420 | D:3      | Noticed a black mamba
  2420 | D:3      | Noticed an alligator
  2420 | D:3      | Noticed an alligator
  2420 | D:3      | Noticed a black mamba
  2420 | D:3      | Noticed a swamp drake
  2420 | D:3      | Noticed a black mamba
  2420 | D:3      | Noticed a water moccasin
  2420 | D:3      | Noticed an anaconda
  2421 | D:3      | Noticed an alligator
  2421 | D:3      | Noticed a water moccasin
  2426 | D:3      | Noticed a black mamba
  2643 | D:4      | Noticed Prince Ribbit
  2662 | D:4      | Killed Prince Ribbit
  2662 | D:4      | Reached skill level 11 in Bows
  2662 | D:4      | Reached XP level 7. HP: 33/53 MP: 4/4
  2668 | D:4      | Noticed Menkaure
  2677 | D:4      | HP: 2/53 [Menkaure (1)]
  2678 | D:4      | Killed Menkaure
  2678 | D:4      | Acquired Okawaru's first power
  3426 | D:4      | Reached skill level 12 in Bows
  3581 | D:4      | Found a deep blue altar of Sif Muna.
  3819 | D:4      | Reached XP level 8. HP: 43/61 MP: 5/5
  3935 | D:4      | Noticed Blork the orc
  3941 | D:4      | Killed Blork the orc
  4027 | D:5      | Entered Level 5 of the Dungeon
  4039 | D:5      | Reached skill level 13 in Bows
  4326 | D:5      | Found an iron altar of Okawaru.
  4906 | D:6      | Noticed Edmund
  4948 | D:6      | Killed Edmund
  5138 | D:6      | Reached skill level 14 in Bows
  5201 | D:6      | Found Smoing's Magic Scroll Shop.
  5348 | D:6      | Reached XP level 9. HP: 64/71 MP: 6/6
  5769 | D:6      | Reached skill level 5 in Fighting
  6027 | D:7      | Found a staircase to the Ecumenical Temple.
  6536 | D:7      | Noticed Eustachio
  6543 | D:7      | Killed Eustachio
  6686 | D:7      | Found a radiant altar of Vehumet.
  6813 | D:7      | Found a glowing golden altar of the Shining One.
  6824 | D:7      | Found a sparkling altar of Nemelex Xobeh.
  7054 | D:8      | Reached skill level 15 in Bows
  7134 | D:8      | Reached skill level 1 in Invocations
  7202 | D:8      | Found an ancient bone altar of Kikubaaqudgha.
  7672 | D:8      | Gained mutation: Your muscles are strong. (Str +2) [potion of beneficial mutation]
  8298 | D:9      | Noticed Pikel
  8332 | D:9      | Killed Pikel
  8332 | D:9      | Received a gift from Okawaru
  8332 | D:9      | Reached XP level 10. HP: 80/82 MP: 10/12
  8427 | D:9      | Noticed Grum
  8461 | D:9      | Killed Grum
  8704 | D:9      | Found a staircase to the Lair.
  8908 | D:9      | Received a gift from Okawaru
  8959 | D:9      | Noticed Erolcha
  9015 | D:9      | Killed Erolcha
  9015 | D:9      | Reached skill level 16 in Bows
  9015 | D:9      | Reached skill level 5 in Invocations
  9062 | D:9      | Found a staircase to the Orcish Mines.
  9424 | D:10     | Entered Level 10 of the Dungeon
  9625 | Lair:1   | Entered Level 1 of the Lair of Beasts
 10107 | D:10     | Found Twaimah's Gadget Emporium.
 10135 | D:10     | Reached XP level 11. HP: 91/91 MP: 18/18
 10269 | D:11     | Found Bygul's General Store.
 10326 | D:11     | Noticed a hill giant
 10450 | Orc:1    | Entered Level 1 of the Orcish Mines
 10731 | D:9      | Acquired Okawaru's second power
 11035 | D:6      | Bought a scroll of acquirement for 572 gold pieces
 11088 | D:7      | Upgraded the game from 0.13.0-17-g5f0e85f to 0.13.0-18-g7b03ea5
 11578 | D:11     | Received a gift from Okawaru
 11636 | D:11     | Reached skill level 17 in Bows
 11867 | D:11     | Received a gift from Okawaru
 12728 | D:12     | Reached skill level 1 in Armour
 12767 | D:12     | Received a gift from Okawaru
 12788 | D:12     | Noticed a hill giant
 13182 | D:11     | Noticed a hill giant
 13189 | D:11     | Killed a hill giant
 13237 | D:11     | Received a gift from Okawaru
 13302 | D:12     | Noticed Impy's ghost (powerful DsNe)
 14060 | D:12     | Killed a hill giant
 14151 | D:12     | Received a gift from Okawaru
 14201 | D:12     | Found a roughly hewn altar of Beogh.
 14733 | D:12     | Noticed a hill giant
 14746 | D:12     | Killed a hill giant
 14764 | D:12     | Noticed a deep troll
 14882 | D:12     | Reached XP level 12. HP: 100/100 MP: 21/21
 14978 | D:12     | Noticed a deep troll earth mage
 14982 | D:12     | Noticed a centaur warrior
 14988 | D:12     | Killed a deep troll earth mage
 14991 | D:12     | Killed a centaur warrior
 15005 | D:12     | Received a gift from Okawaru
 15074 | D:12     | Killed a deep troll
 15339 | D:12     | Noticed an ogre mage
 15866 | D:13     | Reached skill level 5 in Dodging
 16091 | D:12     | Reached skill level 5 in Armour
 16484 | D:13     | Found a glowing silver altar of Zin.
 16484 | D:13     | Noticed an angel
 16623 | D:13     | Reached skill level 18 in Bows
 16716 | D:13     | Upgraded the game from 0.13.0-18-g7b03ea5 to 0.13.0-19-g8e0b589
 17030 | D:14     | Entered Level 14 of the Dungeon
 17105 | D:14     | Noticed Nessos
 17126 | D:14     | Killed Nessos
 17527 | D:14     | Noticed Erica
 17545 | D:14     | Killed Erica
 17608 | D:14     | Noticed Kirke
 17756 | D:14     | Killed Kirke
 17756 | D:14     | Reached XP level 13. HP: 77/106 MP: 21/21
 17966 | D:14     | Received a gift from Okawaru
 18026 | D:14     | Noticed Aizul
 18031 | D:14     | HP: 1/106 [Aizul/poison arrow (9)]
 18031 | D:14     | Killed from afar by Aizul

Action                   |  1- 3 |  4- 6 |  7- 9 | 10-12 | 13-15 || total
-------------------------+-------+-------+-------+-------+-------++-------
Melee: Short sword       |    84 |    42 |   109 |    80 |       ||   315
       Longbow           |       |       |       |     3 |       ||     3
 Fire: Bow               |    32 |    32 |   382 |   343 |       ||   789
       Longbow           |       |       |       |   543 |    16 ||   559
Invok: Heroism           |       |       |       |     4 |       ||     4
       Finesse           |       |       |       |     3 |       ||     3
Evoke: Wand              |       |       |       |     7 |     1 ||     8
  Use: Scroll            |       |       |     9 |    17 |       ||    26
       Potion            |       |       |     4 |     4 |     1 ||     9
 Stab: Invisible         |       |       |       |     2 |       ||     2
